 Dungeon Crawl Stone Soup version 0.26-a0-663-g36e8fdb655 (webtiles) character file.

Game seed: 5483887526811261528

22 looop the Chiller (level 2, 0/19 HPs)
             Began as a Demonspawn Ice Elementalist on Oct 11, 2020.
             Killed from afar by a dart slug (5 damage)
             ... with a slug dart
             ... on level 1 of the Dungeon.
             The game lasted 00:02:11 (933 turns).

looop the Chiller (Demonspawn Ice Elementalist)      Turns: 933, Time: 00:02:12

Health: 0/19       AC:  2    Str:  8    XL:     2   Next: 68%
Magic:  5/5        EV: 12    Int: 16    God:
Gold:   36         SH:  0    Dex: 13    Spells: 4/5 levels left

rFire    . . .     SeeInvis .   i - +0 mace
rCold    . . .     Faith    .   (no shield)
rNeg     . . .     Spirit   .   a - +0 robe
rPois    .         Reflect  .   (helmet restricted)
rElec    .         Harm     .   (no cloak)
rCorr    .         Rampage  .   (no gloves)
MR       .....                  (no boots)
Stlth    ++........             (no amulet)
HPRegen  0.06/turn              (no ring)
MPRegen  0.09/turn              (no ring)

@: no status effects
A: antennae 1
a: no special abilities


You were on level 1 of the Dungeon.
You visited 1 branch of the dungeon, and saw 1 of its levels.

You collected 36 gold pieces.

Inventory:

Hand Weapons
 i - a +0 mace (weapon)
Missiles
 k - 2 stones (quivered)
Armour
 a - a +0 robe (worn)
Scrolls
 f - a scroll of enchant weapon {unknown}
 j - a scroll of amnesia {unknown}
Potions
 b - a potion of heal wounds {unknown}
 c - a potion of degeneration {unknown}
 d - a potion of invisibility {unknown}
 e - a potion of lignification {unknown}
 g - a potion of mutation {unknown}
 h - a potion of curing {unknown}


   Skills:
 - Level 1.7 Dodging
 - Level 1.7 Stealth
 + Level 2.3 Spellcasting
 * Level 4.1 Ice Magic


You had 4 spell levels left.
You knew the following spells:

 Your Spells              Type           Power        Failure   Level
a - Freeze                Ice            ###.         3%          1

Your spell library contained the following spells:

 Spells                   Type           Power        Failure   Level
 Frozen Ramparts          Ice            ###...       11%         3
 Ozocubu's Armour         Ice            ###.....     11%         3
 Hailstorm                Conj/Ice       #.......     63%         4
 Summon Ice Beast         Ice/Summ       #.......     63%         4


Dungeon Overview and Level Annotations

Branches:
Dungeon (1/15)

Altars:


Innate Abilities, Weirdness & Mutations

You have a pair of small antennae on your head.


Message History

The hobgoblin is lightly wounded.
The hobgoblin throws a stone.
The stone misses you.
Throwing (i - inventory)
k - a stone (quivered)
Press: ? - help, Shift-Dir - straight line, f/p - hobgoblin
Aim: a hobgoblin, wielding a +1 mace of holy wrath and quivering 7 stones (lightly wounded)
You throw a stone.
The stone hits the hobgoblin but does no damage.
The hobgoblin is lightly wounded.
The hobgoblin throws a stone.
The stone hits you but does no damage.
The hobgoblin throws a stone.
The stone closely misses you. The dart slug launches a dart at you.
The slug dart hits you.
* * * LOW HITPOINT WARNING * * *
Found 24 arrows.
You see here 2 stones.
k - 2 stones The hobgoblin throws a stone.
The stone hits you but does no damage. The dart slug launches a dart at you.
The slug dart hits you.
You die...

..##...##.###.####. #.#
.)##..)(....(# #. ..
..#..##(##### #. . ..
....# #.# #. .. (..)#w#
#.# #.
...##..##.####.########.
#....##(..(............
.###....(.g#############
.......@^.## ###########


You could see a dart slug and a hobgoblin.

Vanquished Creatures
  2 bats (D:1)
  2 giant cockroaches (D:1)
  2 goblins (D:1)
  4 hobgoblins (D:1)
  3 jackals (D:1)
  A frilled lizard (D:1)
  A kobold (D:1)
  4 rats (D:1)
19 creatures vanquished.

Notes
Turn   | Place    | Note
-------+----------+-------------------------------------------
     0 | D:1      | looop the Demonspawn Ice Elementalist began the quest for
                  | the Orb.
     0 | D:1      | Reached XP level 1. HP: 13/13 MP: 3/3
   172 | D:1      | Gained mutation: You have a pair of small antennae on your
                  | head. [demonic ancestry]
   172 | D:1      | Reached XP level 2. HP: 15/19 MP: 0/5
   651 | D:1      | Reached skill level 4 in Ice Magic
   933 | D:1      | Killed from afar by a dart slug

Illustrated notes

Levels and vault maps discovered:
D:1:      heliophobic_arrival_henge, layout_loops_ring,
          chequers_serial_rivers_small_a, corexii_corridor_pit,
          minmay_pentomino_w4

Skill      XL: |  1  2 |
---------------+-------+-----
Ice Magic      | 4 |  4.1
Dodging        | |  1.7
Stealth        | |  1.7
Spellcasting   | |  2.3

Action                   || total
-------------------------++-------
Melee: Unarmed           ||    12
       Mace              ||    21
Throw: Stone             ||     3
 Cast: Freeze            ||    20
 Stab: Sleeping          ||     2
Armor: Robe              ||    11
Dodge: Dodged            ||    54

Table legend: (Time is in decaauts)
 A = Elapsed time spent in this place.
 B = Non-inter-level travel time spent in this place.
 C = Inter-level travel time spent in this place.
 D = Time resting spent in this place.
 E = Time spent auto-exploring this place.
 F = Levels seen in this place.
 G = Mean time per level.
                   A        B        C        D        E       F      G
               +--------+--------+--------+--------+--------+-----+--------+
         Total |    943 |    896 |     47 |      7 |    693 |   1 |  943.0 |
       Dungeon |    943 |    896 |     47 |      7 |    693 |   1 |  943.0 |
               +--------+--------+--------+--------+--------+-----+--------+

Top non-repeatable levels by time:
     D:1: 943 daAuts
